Map: [ESL] Altitude

Players

Cyan

  • Race: Protoss Protoss
  • Spawn Location: 7:00

Firefly - Winner!

  • Race: Protoss Protoss
  • Spawn Location: 1:00

Event: ESL SC2 Masters 2023 Summer (Regionals)

VOD

Have the link to the VOD?

Description

Time

  • Played on: May 4, 2023, 7:46 a.m.
  • Length: 9:33

All games in this series

Show
View Real Time Build Order
Export as new Build Order

Cyan Protoss 

Build Orders: Oracle Opening, Colossus Rush 

Get SALT Encoding   

  12  0:00  Probe  
  13  0:12  Probe  
  14  0:18  Pylon  
  14  0:24  Probe (Chrono Boost)  
  15  0:36  Probe (Chrono Boost)  
  15  0:38  Gateway  
  16  0:45  Probe (Chrono Boost)  
  16  0:47  Assimilator  
  17  0:51  Probe  
  18  1:02  Assimilator  
  18  1:03  Probe (Chrono Boost)  
  19  1:06  Pylon  
  19  1:15  Probe (Chrono Boost)  
  20  1:20  Probe (Chrono Boost)  
  21  1:25  Cybernetics Core  
  21  1:29  Probe  
  22  1:34  Zealot  
  24  1:41  Probe  
  24  1:45  Pylon  
  25  1:53  Probe  
  26  2:05  Stalker (Chrono Boost)  
  26  2:07  Warp Gate  
  28  2:13  Probe  
  29  2:18  Stargate  
  29  2:36  Nexus  
  29  2:42  Robotics Facility  
  29  2:43  Sentry  
  30  2:49  Pylon  
  30  2:52  Probe  
  31  3:01  Oracle  
  31  3:02  Gateway  
  31  3:07  Probe  
  32  3:13  Sentry  
  34  3:21  Probe  
  34  3:27  Immortal (Chrono Boost)  
  39  3:49  Probe x2  
  41  3:56  Immortal (Chrono Boost), Sentry  
  41  3:58  Colossus (Chrono Boost)  
  47  4:02  Stalker  
  47  4:06  Probe  
  47  4:09  Probe  
  51  4:16  Pylon  
  51  4:24  Warp Prism (Chrono Boost)  
  51  4:26  Probe  
  54  4:34  Probe, Adept  
  54  4:37  Adept  
  59  4:41  Probe  
  60  4:46  Probe  
  60  4:47  Pylon  
  61  4:53  Probe  
  62  5:02  Twilight Council  
  62  5:05  Probe x2, Observer  
  57  5:17  Probe x2  
  57  5:19  Assimilator  
  57  5:20  Assimilator  
  57  5:24  Pylon, Sentry x2  
  59  5:29  Probe x2  
  59  5:34  Immortal (Chrono Boost)  
  65  5:41  Probe x2  
  67  5:53  Probe  
  66  6:01  Stalker  
  66  6:03  Blink (Chrono Boost)  
  56  6:05  Probe, Shield Battery  
  56  6:09  Gateway  
  56  6:10  Probe  
  54  6:12  Pylon, Gateway  
  54  6:16  Immortal (Chrono Boost)  
  58  6:21  Shield Battery  
  58  6:22  Pylon  
  58  6:23  Adept  
  60  6:27  Adept  
  62  6:35  Pylon  
  62  6:42  Gateway  
  62  6:43  Gateway  
  62  6:50  Warp Prism (Chrono Boost)  
  62  6:51  Stalker x2  
  68  7:06  Gateway  
  68  7:07  Pylon  
  66  7:17  Stalker x4  
  73  7:26  Immortal  
  76  7:40  Adept x2  
  76  7:41  Sentry x2  
  76  7:43  Stalker x2  
  88  7:54  Forge  
  83  8:14  Stalker x2  
  83  8:15  Stalker  
  87  8:23  Stalker x4  
  95  8:43  Stalker x3  
  95  8:46  Stalker  
  103  8:49  Pylon  
  103  8:50  Sentry  
  103  8:51  Sentry  
  103  8:52  Zealot  
  107  9:02  Pylon  
  107  9:04  Stalker  
  107  9:05  Stalker  
  107  9:08  Stalker  
  101  9:15  Zealot, Stalker  
  91  9:22  Stalker  
Show
View Real Time Build Order
Export as new Build Order

Firefly Protoss - Winner!

Build Orders: Phoenix Opening, Blink Stalkers 

Get SALT Encoding   

  12  0:00  Probe  
  13  0:12  Probe  
  14  0:17  Pylon  
  14  0:24  Probe  
  15  0:37  Probe (Chrono Boost)  
  15  0:39  Gateway  
  16  0:47  Probe (Chrono Boost)  
  17  0:51  Probe (Chrono Boost)  
  17  0:52  Assimilator  
  18  1:03  Probe  
  19  1:15  Probe  
  20  1:30  Probe  
  20  1:31  Zealot  
  20  1:32  Cybernetics Core  
  23  1:34  Assimilator  
  23  1:37  Pylon  
  23  1:55  Probe  
  24  2:03  Pylon  
  24  2:07  Nexus  
  24  2:13  Stalker (Chrono Boost)  
  26  2:18  Probe, Warp Gate (Chrono Boost)  
  27  2:27  Gateway  
  26  2:31  Probe  
  27  2:38  Stalker  
  27  2:43  Probe  
  30  2:49  Pylon  
  30  2:55  Probe  
  31  3:03  Shield Battery  
  31  3:08  Probe, Sentry  
  34  3:19  Twilight Council  
  34  3:20  Probe (Chrono Boost)  
  34  3:21  Probe (Chrono Boost)  
  36  3:30  Probe x2 (Chrono Boost)  
  38  3:35  Probe (Chrono Boost)  
  38  3:36  Probe  
  38  3:40  Phoenix  
  40  3:46  Probe  
  41  3:49  Probe  
  41  3:52  Blink (Chrono Boost)  
  42  3:58  Probe  
  42  4:00  Stalker  
  42  4:01  Probe, Stalker  
  48  4:10  Pylon  
  48  4:14  Probe x2 (Chrono Boost)  
  50  4:23  Probe (Chrono Boost)  
  50  4:24  Stalker  
  54  4:25  Probe (Chrono Boost)  
  54  4:26  Shield Battery  
  54  4:27  Shield Battery  
  54  4:29  Gateway  
  54  4:37  Gateway  
  54  4:41  Pylon  
  54  4:48  Gateway  
  54  4:50  Shield Battery  
  54  4:53  Shield Battery  
  54  5:00  Stalker  
  50  5:20  Gateway  
  50  5:24  Stalker x2  
  54  5:33  Stalker  
  54  5:35  Pylon  
  56  5:41  Shield Battery  
  56  5:43  Stalker  
  58  5:54  Cybernetics Core  
  56  5:57  Zealot  
  56  6:02  Gateway  
  54  6:07  Probe x2  
  56  6:11  Charge  
  56  6:15  Forge  
  56  6:16  Pylon  
  56  6:20  Nexus, Probe x2  
  56  6:21  Pylon  
  56  6:24  Assimilator  
  58  6:31  Robotics Facility  
  58  6:32  Stalker x3  
  64  6:40  Probe, Stalker  
  67  6:51  Probe  
  67  6:53  Probe  
  69  6:56  Stalker x2  
  73  7:01  Protoss Ground Weapons Level 1  
  73  7:03  Probe  
  73  7:05  Probe  
  71  7:20  Stalker  
  71  7:21  Zealot x4  
  81  7:25  Observer (Chrono Boost)  
  81  7:27  Gateway  
  81  7:29  Gateway  
  82  7:33  Gateway  
  82  7:34  Pylon  
  80  7:38  Immortal (Chrono Boost)  
  80  7:43  Probe x2  
  86  7:47  Probe, Shield Battery  
  86  7:51  Stalker  
  87  8:00  Stalker x2  
  87  8:01  Zealot  
  93  8:09  Observer  
  92  8:17  Zealot x2  
  96  8:24  Stalker x5  
  106  8:31  Pylon  
  106  8:33  Pylon  
  106  8:36  Shield Battery  
  106  8:42  Zealot, Shield Battery  
  106  8:43  Pylon  
  108  8:50  Zealot  
  108  8:51  Zealot x2  
  110  9:06  Zealot x3  
  110  9:07  Zealot  
  100  9:12  Zealot x2  
  100  9:13  Zealot  
  95  9:19  Zealot  
  90  9:28  Zealot x3  
  90  9:30  Zealot  
Tags
 
Add a new tag
Caveats
  • Supply blocks, unpowered buildings, or Contaminate may cause inaccurate times.
  • Supply counts are checked every 10 seconds.